 Dungeon Crawl Stone Soup version 0.30.0-10-gfe55d96785 (webtiles) character file.

Game seed: 16684770177134700711

554 qw the Chopper (level 7, -12/41 HPs)
             Began as a Gargoyle Cinder Acolyte on May 17, 2023.
             Was an Elder of Ignis.
             Mangled by an ogre
             ... wielding a +0 giant club
              (24 damage)
             ... on level 5 of the Dungeon.
             The game lasted 00:02:34 (4204 turns).

qw the Chopper (Gargoyle Cinder Acolyte)            Turns: 4204, Time: 00:02:34

Health: -12/41     AC: 24    Str: 19    XL:     7   Next: 30%
Magic:  8/8        EV:  4    Int: 15    God:    Ignis [****..]
Gold:   216        SH:  9    Dex:  5    Spells: 8/8 levels left

rFire   + . .        m - +0 war axe
rCold   . . .        g - +2 kite shield
rNeg    + + .        c - +0 plate armour
rPois   inf          (no helmet)
rElec   +            (no cloak)
rCorr   .            d - +0 pair of gloves
SInv    .            (no boots)
Will    .....        (no amulet) Stlth
                     f - ring of positive energy
HPRegen 0.26/turn    (no ring)
MPRegen 0.11/turn

%: no passive effects
@: fiery-armoured
A: sickness immunity, AC +4, negative energy resistance 1, electricity
resistance, torment resistance 1, petrification resistance
a: Renounce Religion, Fiery Armour, Foxfire Swarm, Rising Flame


You were on level 5 of the Dungeon.
You worshipped Ignis.
Ignis was greatly pleased with you.
You visited 1 branch of the dungeon, and saw 5 of its levels.

You collected 216 gold pieces.


Innate Abilities, Weirdness & Mutations

You are immune to sickness and miasma.
Your stone body is resilient. (AC +4)
You are immune to poison.
You resist negative energy. (rN+)
You are resistant to electric shocks. (rElec)
You are resistant to unholy torment.
You are immune to petrification.


   Skills:
 + Level 3.5 Fighting
 - Level 5.1 Axes
 - Level 3.0 Armour
 - Level 5.0 Shields
 - Level 1.0 Spellcasting
 - Level 3.0 Fire Magic


You had 8 spell levels left.
You didn't know any spells.
Your spell library contained the following spells:

 Spells                   Type           Power      Damage    Failure   Level
 Scorch                   Fire           18%        2d6       100%        2

Inventory:

Hand Weapons
 m - a +0 war axe (weapon)
 Y - a -1 hand axe of flaming
Armour
 c - a +0 plate armour (worn)
 d - a +0 pair of gloves (worn)
 g - a +2 kite shield (worn)
 n - a scarf of repulsion
Jewellery
 f - a ring of positive energy (left hand)
Scrolls
 b - a scroll of teleportation
 j - 2 scrolls of identify
 p - a scroll of acquirement {unknown}
Potions
 a - a potion of curing {unknown}
 e - 2 potions of might
 h - a potion of mutation
 i - a potion of ambrosia {unknown}
 k - a potion of magic {unknown}
 l - a potion of lignification {unknown}
 o - a potion of heal wounds

Dungeon Overview and Level Annotations

Branches:
Dungeon (5/15)
 Temple: D:4-7

Altars:

Shops:
D:1 (   D:2 [


Message History

The iguana is almost dead.
The iguana bites you!
The iguana bites you but does no damage.
4172 ||| INVOKING Fiery Armour.
A protective cloak of flame settles atop you.
The iguana bites you but does no damage.
The iguana is burned by your cloak of flames.
The iguana is almost dead.
You closely miss the iguana.
The iguana is almost dead.
You block the iguana's attack.
You hit the iguana.
You kill the iguana!
You start resting.
An ogre is nearby!
4184 ||| Stepping ~*~*~tactically~*~*~ (stealth).
You start resting.
An ogre is nearby!
4197 ||| Stepping ~*~*~tactically~*~*~ (stealth).
You start resting.
An ogre is nearby!
You closely miss the ogre. You block the ogre's attack.
You closely miss the ogre. The ogre hits you with a +0 giant club!
The ogre is burned by your cloak of flames.
The ogre is moderately wounded.
You hit the ogre.
The ogre is moderately wounded.
The ogre barely misses you.
You hit the ogre.
The ogre is heavily wounded.
The ogre hits you with a +0 giant club.
The ogre is burned by your cloak of flames.
The ogre is severely wounded.
You barely miss the ogre.
The ogre is severely wounded.
The ogre hits you with a +0 giant club!!
Ouch! That really hurt!
You die...

#.# #...........<.....#
#.#### #########..#......#
#.#..### # # #.##......#
#))....### O.##.##
#.#########
#.#......###....#. #.#
#)#+#......###...O##.# ####
#.# ###......###...#.###
##... #.#
###......###O#....#####....
..#
###.....@#'#.##........##
.## ###%%..O.#.....#####.##
. #......##..##....#....
#......###>...#......##
#......## #.##..........
#......## #.......####..
#......## #..##.#.# ##
......## #..#..#.# .....#
#....##..##


You could see an ogre.

Vanquished Creatures
  A water moccasin (D:4)
  A scorpion (D:4)
  A hound (D:4)
  Jessica (D:3)
  An iguana (D:5)
  3 orc wizards
  11 adders
  2 dart slugs
  15 orcs
  5 ball pythons
  6 endoplasms
  4 giant cockroaches
  5 goblins
  14 hobgoblins
  10 jackals
  6 quokkas
  5 bats
  5 frilled lizards
  14 kobolds
  7 rats
117 creatures vanquished.

Notes
Turn   | Place    | Note
-------+----------+-------------------------------------------
     0 | D:1      | qw the Gargoyle Cinder Acolyte began the quest for the Orb.
     0 | D:1      | Reached XP level 1. HP: 14/14 MP: 2/2
     0 | D:1      | 0 ||| qw: Version: 0.2-a-95-g4c1bab1
     0 | D:1      | 0 ||| qw: Game counter: 107
     0 | D:1      | 0 ||| qw: Always use a shield: true
     0 | D:1      | 0 ||| qw: God list: Okawaru
     0 | D:1      | 0 ||| qw: Allow faded altars: false
     0 | D:1      | 0 ||| qw: Do Orc after D:15 true
     0 | D:1      | 0 ||| qw: Do second Lair branch before Depths: true
     0 | D:1      | 0 ||| qw: Lair rune preference: random
     0 | D:1      | 0 ||| qw: Plans: Normal
     0 | D:1      | 0 ||| PLANNING D:1-11
   100 | D:1      | Reached skill level 3 in Axes
   177 | D:1      | Reached XP level 2. HP: 16/19 MP: 3/3
   403 | D:1      | 403 ||| Stepping ~*~*~tactically~*~*~ (stealth).
   640 | D:1      | 640 ||| INVOKING Fiery Armour.
   641 | D:1      | Reached XP level 3. HP: 11/23 MP: 4/4
  1264 | D:1      | Found Yriarin's Antique Weapon Emporium.
  1304 | D:1      | 1304 ||| UPGRADING to +0 ring mail.
  1314 | D:1      | 1314 ||| DROPPING +0 robe.
  1315 | D:1      | 1315 ||| UPGRADING to +0 scale mail.
  1325 | D:1      | 1325 ||| DROPPING +0 ring mail.
  1326 | D:1      | 1326 ||| READING scroll labelled ECVUNG DIUSOG.
  1331 | D:1      | 1331 ||| READING scroll labelled RATUHE TAHUZ.
  1332 | D:1      | 1332 ||| READING 2 scrolls labelled UTUIVO TIT.
  1333 | D:1      | 1333 ||| DRINKING 2 puce potions.
  1334 | D:1      | 1334 ||| DRINKING 2 bubbling blue potions.
  1439 | D:1      | 1439 ||| DROPPING potion of brilliance.
  1440 | D:1      | 1440 ||| DROPPING potion of berserk rage.
  1638 | D:2      | Reached skill level 1 in Armour
  1684 | D:2      | Reached XP level 4. HP: 28/28 MP: 5/5
  2006 | D:2      | Found Pydugi's Antique Armour Emporium.
  2020 | D:2      | 2020 ||| UPGRADING to +0 plate armour.
  2028 | D:2      | 2028 ||| UPGRADING to +0 plate armour.
  2033 | D:2      | 2033 ||| UPGRADING to +0 pair of gloves.
  2038 | D:2      | 2038 ||| DROPPING +0 scale mail.
  2062 | D:2      | 2062 ||| SHOPLISTING steaming hat (180 gold, have 46).
  2142 | D:2      | 2142 ||| Stepping ~*~*~tactically~*~*~ (hiding).
  2330 | D:2      | 2330 ||| READING scroll labelled NIRUS ZYJUOLAE.
  2331 | D:2      | 2331 ||| READING scroll labelled SYLODA TI YNUY.
  2332 | D:2      | 2332 ||| DRINKING 2 inky potions.
  2333 | D:2      | 2333 ||| READING 3 scrolls of identify.
  2333 | D:2      | 2333 ||| IDENTIFYING viscous golden potion
  2334 | D:2      | 2334 ||| READING 2 scrolls of identify.
  2334 | D:2      | 2334 ||| IDENTIFYING fuming pink potion
  2335 | D:2      | 2335 ||| DROPPING potion of attraction.
  2363 | D:3      | 2363 ||| STAIRDANCE
  2388 | D:3      | Reached XP level 5. HP: 29/32 MP: 6/6
  2946 | D:3      | Noticed Jessica
  2947 | D:3      | 2947 ||| Stepping ~*~*~tactically~*~*~ (hiding).
  2948 | D:3      | 2948 ||| Stepping ~*~*~tactically~*~*~ (hiding).
  2967 | D:3      | Killed Jessica
  3043 | D:3      | Found a faded altar of an unknown god.
  3137 | D:3      | 3137 ||| Stepping ~*~*~tactically~*~*~ (hiding).
  3383 | D:3      | 3383 ||| UPGRADING to +2 kite shield.
  3388 | D:3      | 3388 ||| UPGRADING to ring of positive energy.
  3389 | D:3      | 3389 ||| READING scroll labelled KEAZXE RUAP.
  3390 | D:3      | 3390 ||| READING 2 scrolls of identify.
  3390 | D:3      | 3390 ||| IDENTIFYING viscous amethyst potion
  3414 | D:4      | Noticed a water moccasin
  3434 | D:4      | 3434 ||| INVOKING Fiery Armour.
  3434 | D:4      | HP: 2/32 [water moccasin (7)]
  3435 | D:4      | 3435 ||| DRINKING potion of heal wounds.
  3438 | D:4      | Killed a water moccasin
  3439 | D:4      | Reached XP level 6. HP: 37/37 MP: 7/7
  3441 | D:4      | Reached skill level 3 in Shields
  3480 | D:4      | 3480 ||| Stepping ~*~*~tactically~*~*~ (stealth).
  3481 | D:4      | 3481 ||| Stepping ~*~*~tactically~*~*~ (stealth).
  3482 | D:4      | 3482 ||| Stepping ~*~*~tactically~*~*~ (stealth).
  3514 | D:4      | 3514 ||| Stepping ~*~*~tactically~*~*~ (stealth).
  3553 | D:4      | 3553 ||| Stepping ~*~*~tactically~*~*~ (hiding).
  3577 | D:4      | 3577 ||| Stepping ~*~*~tactically~*~*~ (stealth).
  3579 | D:4      | 3579 ||| Stepping ~*~*~tactically~*~*~ (stealth).
  3611 | D:4      | Reached XP level 7. HP: 41/41 MP: 8/8
  3613 | D:4      | 3613 ||| Stepping ~*~*~tactically~*~*~ (stealth).
  3971 | D:4      | 3971 ||| SWAPPING to +0 war axe.
  3986 | D:5      | Entered Level 5 of the Dungeon
  4093 | D:5      | 4093 ||| Stepping ~*~*~tactically~*~*~ (hiding).
  4151 | D:5      | Reached skill level 3 in Armour
  4159 | D:5      | 4159 ||| Stepping ~*~*~tactically~*~*~ (stealth).
  4162 | D:5      | 4162 ||| Stepping ~*~*~tactically~*~*~ (stealth).
  4172 | D:5      | 4172 ||| INVOKING Fiery Armour.
  4184 | D:5      | 4184 ||| Stepping ~*~*~tactically~*~*~ (stealth).
  4197 | D:5      | 4197 ||| Stepping ~*~*~tactically~*~*~ (stealth).
  4204 | D:5      | Mangled by an ogre

Levels and vault maps discovered:
D:1:      lightli_arrival_flooded_house, layout_basic, serial_shops, shop
D:2:      layout_loops_cross, serial_shops, nicolae_shop_window_shopping,
          mrwooster_statue_mirror, lexackson_kobold_supper
D:3:      minmay_chambers_of_twos, layout_basic, basic_ecumenical_altar,
          uniq_jessica
D:4:      layout_basic
D:5:      minmay_razor_zed, layout_rooms, minmay_temple_entry_enclosed_plants

Skill      XL: |  1  2  3  4  5  6  7 |
---------------+----------------------+-----
Axes           | 3 4 5 |  5.1
Armour         | 1 2 3 |  3.0
Shields        | 2 4 5 |  5.0
Fighting       | |  3.5
Spellcasting   | |  1.0
Fire Magic     | |  3.0

Action                     |  1- 3 |  4- 6 |  7- 9 || total
---------------------------+-------+-------+-------++-------
  Melee: Hand axe          |   149 |   268 |    27 ||   444
         Punch             |       |     2 |       ||     2
         War axe           |       |       |    43 ||    43
 Invoke: Fiery Armour      |     1 |     1 |     1 ||     3
    Use: Scroll            |     3 |     6 |       ||     9
         Potion            |     2 |     2 |       ||     4
 Armour: Robe              |    34 |       |       ||    34
         Scale mail        |    28 |    20 |       ||    48
         Plate armour      |       |   177 |    60 ||   237
  Dodge: Dodged            |    89 |    58 |    16 ||   163
  Block: Kite shield       |       |    24 |    34 ||    58

Table legend:
 A = Non-vault XP
 B = Vault XP
 C = Vault XP percentage of total XP
 D = Non-vault monster count
 E = Vault monster count
 F = Vault count percentage of total count
                 A         B        C        D         E       F
            +---------+---------+-------+---------+---------+-------
      Total |     700 |      92 |  11.6 |      99 |      18 |  15.4
            +---------+---------+-------+---------+---------+-------
        D:1 |      48 |       0 |   0.0 |      26 |       0 |   0.0
        D:2 |     105 |       8 |   7.1 |      20 |       8 |  28.6
        D:3 |      94 |      48 |  33.8 |      22 |       9 |  29.0
        D:4 |     348 |       0 |   0.0 |      24 |       0 |   0.0
        D:5 |     105 |      36 |  25.5 |       7 |       1 |  12.5
            +---------+---------+-------+---------+---------+-------
